AoeStats
← Fantasee

Black Forest

509333943Analyzed
4v4 RM · 6d ago on Sep 26, 2026· 55m 48s· 8 players
Game mode
Random Map
Map size
Large (8 player)
Population
200
Speed
Normal
Resources
Standard
Victory
Conquest
Starting age
Dark Age
Ending age
Imperial Age
RankedLock teamsTeams togetherTeam positionsShared explorationLock speedFull tech treeHidden civsTurbo modeCheats
Victory
Defeat
🇹🇼 Jurchens · Taiwan
1253
+17
🇲🇦 Sicilians · Morocco
1244
+18
🇨🇾 Italians · Cyprus
1208
+19
🇬🇧 Portuguese · United Kingdom
1162
+21
🇳🇿 Persians · New Zealand
1321
-21
🇨🇳 Chinese · China
1298
-20
🇳🇿 Danes · New Zealand
1269
-18
🇳🇿 Khmer · New Zealand
1220
-16
fuita
0:30 Loom
11:20 Feudal Age
14:19 Wheelbarrow
17:28 Castle Age
15:21 Double-Bit Axe
15:51 Gold Mining
15:57 Horse Collar
16:39 Stone Mining
18:16 Heavy Plow
24:01 Bow Saw
29:21 Imperial Age
27:40 Ballistics
27:14 Fletching
27:24 Padded Archer Armor
28:05 Bodkin Arrow
29:00 Leather Archer Armor
33:27 Chemistry
32:51 Bloodlines
32:42 Husbandry
33:15 Bracer
34:02 Ring Archer Armor
35:03 Two-Man Saw
35:17 Hand Cart
34:48 Town Watch
35:41 Stone Shaft Mining
34:32 Pikeman
39:09 Bombard Tower
38:30 Treadmill Crane
38:45 Murder Holes
38:43 Guard Tower
38:38 Arrowslits
39:06 Elite Genoese Crossbowman
40:07 Conscription
44:19 Light Cavalry
45:15 Caravan
47:16 Crop Rotation
48:52 Town Patrol
49:06 Forging
49:02 Scale Barding Armor
48:21 Hussar
51:53 Keep
51:28 Fortified Wall
xSantalogx
1:12 Loom
13:02 Feudal Age
16:53 Castle Age
14:45 Double-Bit Axe
16:08 Wheelbarrow
25:21 Horse Collar
26:51 Scale Barding Armor
26:58 Forging
27:14 Gold Mining
28:22 Husbandry
29:41 Bloodlines
33:58 Imperial Age
36:11 Chemistry
36:50 Hand Cart
37:19 Conscription
39:42 Chain Barding Armor
39:57 Iron Casting
39:53 Bow Saw
39:45 Heavy Plow
41:30 Town Watch
44:12 Crop Rotation
44:40 Plate Barding Armor
45:05 Blast Furnace
44:10 Pikeman
44:35 Gambesons
44:34 Halberdier
45:24 Scale Mail Armor
47:01 Elite Organ Gun
49:13 Chain Mail Armor
49:36 Siege Engineers
49:52 Ballistics
50:40 Two-Man Saw
52:52 Plate Mail Armor
53:05 Bombard Tower
52:42 Murder Holes
Rock_Bottom
6:54 Loom
9:23 Feudal Age
9:58 Double-Bit Axe
12:24 Town Watch
16:35 Fletching
19:40 Wheelbarrow
18:53 Horse Collar
25:07 Castle Age
23:11 Stone Mining
23:13 Gold Mining
26:06 Bow Saw
26:00 Heavy Plow
31:18 Hand Cart
32:09 Gold Shaft Mining
32:19 Stone Shaft Mining
34:29 Scale Mail Armor
37:32 Imperial Age
36:16 Masonry
36:27 Ballistics
36:24 Chain Mail Armor
36:39 Murder Holes
36:41 Bodkin Arrow
37:09 Forging
37:57 First Crusade
38:22 Iron Casting
37:50 Elite Serjeant
39:03 Plate Mail Armor
38:59 Conscription
39:20 Hoardings
38:57 Siege Engineers
39:53 Chemistry
38:40 Arrowslits
40:43 Blast Furnace
40:01 Bracer
41:00 Arson
41:15 Squires
41:01 Gambesons
41:37 Guilds
43:46 Scale Barding Armor
43:21 Pikeman
43:59 Halberdier
45:50 Caravan
48:54 Onager
51:29 Siege Onager
gx5v163237
1:23 Loom
11:14 Feudal Age
16:41 Castle Age
14:37 Double-Bit Axe
15:43 Horse Collar
20:26 Wheelbarrow
20:41 Bow Saw
22:33 Hand Cart
24:39 Heavy Plow
26:12 Gold Mining
27:45 Gold Shaft Mining
31:24 Imperial Age
29:05 Scale Barding Armor
29:15 Stone Mining
30:08 Chain Barding Armor
30:26 Bloodlines
30:34 Masonry
30:47 Husbandry
32:27 Forging
33:55 Crop Rotation
34:03 Stone Shaft Mining
33:55 Conscription
34:08 Town Watch
36:46 Iron Casting
40:48 Blast Furnace
43:08 Plate Barding Armor
43:55 Treadmill Crane
44:05 Elite Iron Pagoda
47:58 Hoardings
48:35 Caravan
50:19 Pikeman
51:02 Squires
51:57 Halberdier
52:39 Scale Mail Armor
54:37 Town Patrol
Fantasee
8:33 Loom
10:39 Feudal Age
12:47 Horse Collar
12:54 Double-Bit Axe
15:13 Fletching
22:18 Castle Age
23:21 Thumb Ring
22:41 Crossbowman
23:23 Bodkin Arrow
31:01 Imperial Age
28:46 Bow Saw
29:58 Wheelbarrow
31:33 Cranequins
32:32 Bracer
32:33 Padded Archer Armor
32:43 Thumb Ring
34:28 Chemistry
33:49 Ballistics
34:32 Onager
37:36 Conscription
37:35 Siege Engineers
41:40 Murder Holes
42:07 Heavy Scorpion
43:37 Heavy Scorpion
46:31 Hand Cart
49:18 Elite Varangian Guard
50:00 Squires
49:45 Arson
50:19 Scale Mail Armor
50:30 Forging
53:14 Scale Mail Armor
53:25 Forging
54:22 Chain Mail Armor
55:39 Plate Mail Armor
55:26 Forging
Scalene Triangle
11:00 Feudal Age
15:10 Castle Age
13:47 Double-Bit Axe
13:45 Horse Collar
15:42 Loom
23:48 Bow Saw
24:37 Heavy Plow
25:18 Wheelbarrow
26:30 Hand Cart
26:52 Husbandry
27:02 Bloodlines
26:58 Scale Barding Armor
32:03 Imperial Age
30:17 Chain Barding Armor
30:57 Ballistics
30:48 Masonry
32:01 Forging
31:48 Cavalier
33:25 Plate Barding Armor
33:26 Iron Casting
33:32 Fletching
33:59 Caravan
34:37 Conscription
33:52 Savar
37:15 Blast Furnace
39:40 Chemistry
40:55 Coinage
40:49 Light Cavalry
41:28 Crossbowman
42:14 Thumb Ring
42:05 Bodkin Arrow
42:11 Padded Archer Armor
43:24 Kamandaran
44:10 Leather Archer Armor
43:30 Elite War Elephant
44:47 Elite Skirmisher
49:01 Ring Archer Armor
54:21 Hoardings
54:31 Pikeman
55:11 Squires
LinKenZ
12:18 Feudal Age
14:51 Double-Bit Axe
26:07 Horse Collar
30:58 Castle Age
34:01 Bow Saw
35:08 Stone Mining
35:10 Gold Mining
36:00 Wheelbarrow
38:19 Caravan
37:59 Light Cavalry
38:56 Bloodlines
38:47 Husbandry
41:18 Heavy Plow
46:12 Hand Cart
46:12 Tusk Swords
49:52 Loom
Inklimus
0:30 Loom
10:42 Feudal Age
17:22 Castle Age
16:12 Double-Bit Axe
17:36 Wheelbarrow
25:37 Scale Mail Armor
26:22 Squires
26:08 Arson
27:21 Forging
28:34 Chain Mail Armor
28:55 Iron Casting
29:17 Iron Casting
36:08 Imperial Age
35:13 Fletching
35:23 Padded Archer Armor
36:39 Pikeman
37:42 Conscription
37:35 Capped Ram
38:28 Gold Mining
38:59 Hand Cart
39:08 Leather Archer Armor
38:48 Bodkin Arrow
38:34 Crossbowman
41:24 Bow Saw
41:45 Ballistics
41:28 Bracer
41:58 Ring Archer Armor
42:12 Thumb Ring
41:48 Arbalester
44:22 Chemistry
43:25 Elite Skirmisher
45:32 Scale Barding Armor
46:27 Blast Furnace
47:19 Gold Shaft Mining
Connection lost

Rejoining the realm…

Still unreachable

The connection could not be restored.

Session expired

The server has moved on; the page needs a fresh start.